 Dungeon Crawl Stone Soup version 0.28.0-53-g5a82cb258f (console) character file.

Game seed: 11236410574885517136

4286 erker the Transmogrifier (level 10, -7/67 HPs)
             Began as an Octopode Earth Elementalist on July 13, 2022.
             Was an Initiate of Gozag.
             Mangled by Grum
             ... wielding a +0 spear of flaming
              (17 damage)
             ... on level 8 of the Dungeon.
             The game lasted 00:47:50 (9371 turns).

erker the Transmogrifier (OpEE)                     Turns: 9371, Time: 00:47:51

Health: -7/67      AC:  9    Str: 14    XL:     10   Next: 32%
Magic:  17/25      EV: 10    Int: 21    God:    Gozag
Gold:   1127       SH:  0    Dex: 13    Spells: 6/17 levels left

rFire   x . .      SeeInvis .     - Unarmed
rCold   + + +      Faith    .   (shield currently unavailable)
rNeg    . . .      Spirit   .   (helmet currently unavailable)
rPois   +          Reflect  .   i - amulet of regeneration
rElec   .          Harm     .   n - ring of magical power
rCorr   .          Rampage  .   x - +6 ring of strength
Will    .....                   (no ring)
Stlth   ++........              (no ring)
HPRegen 1.01/turn               (no ring)
MPRegen 0.19/turn               (no ring)
                                (no ring)
                                (no ring)

@: ice-form
A: freezing attack, boosted hp, almost no armour, amphibious, 8 rings, large,
(camouflage 1), (gelatinous body 1), (nimble swimmer 1), (tentacles)
a: End Transformation, Renounce Religion, Potion Petition, Call Merchant, Bribe
Branch


You were on level 8 of the Dungeon.
You worshipped Gozag.
Gozag was most pleased with you.
You were a creature of crystalline ice.
You visited 2 branches of the dungeon, and saw 10 of its levels.
You also visited: Sewer.

You collected 1224 gold pieces.
You paid 97 gold pieces to Gozag.

Inventory:

Hand Weapons
 a - the +6 short sword "Dyhihen" {speed, MP+9}
   (You found it on level 3 of the Dungeon)

   Attacks with this weapon are significantly faster.
   MP:        It affects your magic capacity (+9).
 q - a +3 dagger of venom (melded)
Missiles
 j - 5 boomerangs
 k - 2 javelins
 l - 34 poisoned darts (quivered)
 m - 194 stones
 F - a curare-tipped dart
 G - a throwing net
Magical Staves
 b - a staff of earth
Jewellery
 i - an amulet of regeneration (around neck)
 n - a ring of magical power (left front paw)
 x - a +6 ring of strength (right front paw)
Wands
 J - a wand of acid (4)
Scrolls
 c - 2 scrolls of noise {unknown}
 e - 4 scrolls of immolation
 g - a scroll of blinking {unknown}
 h - 2 scrolls of teleportation
 o - 3 scrolls of fear
 p - 3 scrolls of enchant armour
 t - 2 scrolls of fog
 v - a scroll of silence
 w - a scroll of summoning {unknown}
 y - a scroll of vulnerability {unknown}
 B - 2 scrolls of amnesia {unknown}
 C - a scroll of brand weapon {unknown}
 K - a scroll of holy word {unknown}
Potions
 d - 2 potions of resistance
 f - 2 potions of ambrosia
 r - a potion of heal wounds {unknown}
 s - 2 potions of cancellation
 u - a potion of mutation {unknown}
 z - 2 potions of might {unknown}
 A - 3 potions of invisibility
 D - a potion of haste {unknown}
 E - a potion of lignification {unknown}
 H - a potion of flight {unknown}
 I - 2 potions of degeneration {unknown}


   Skills:
 - Level 2.0 Short Blades
 - Level 2.0 Dodging
 - Level 4.0 Stealth
 + Level 3.1 Unarmed Combat
 - Level 4.0 Spellcasting
 - Level 10.0 Transmutations
 + Level 5.2 Ice Magic
 - Level 8.0 Earth Magic


You had 6 spell levels left.
You knew the following spells:

 Your Spells              Type           Power      Damage    Failure   Level
a - Sandblast             Erth           74%        2d16      1%          1
p - Petrify               Tmut/Erth      42%        N/A       3%          4
w - Passwall              Tmut/Erth      35%        N/A       1%          2
y - Ice Form              Ice/Tmut       36%        N/A       5%          4

Your spell library contained the following spells:

 Spells                   Type           Power      Damage    Failure   Level
 Blade Hands              Tmut           23%        N/A       5%          5
 Stone Arrow              Conj/Erth      42%        3d9       7%          3
 Portal Projectile        Hex/Tloc       8%         N/A       34%         3
 Excruciating Wounds      Necr           2%         N/A       97%         5
 Storm Form               Tmut/Air       12%        N/A       100%        7


Dungeon Overview and Level Annotations

Branches:
Dungeon (9/15)             Temple (1/1) D:5            Lair (0/6) D:8
  Sewer (visited)
    Orc: D:9-12

Altars:
Ashenzari
Cheibriados
Dithmenos
Elyvilon
Fedhas
Gozag
Hepliaklqana
Kikubaaqudgha
Makhleb
Nemelex Xobeh
Okawaru
Ru
Sif Muna
Trog
Uskayaw
Vehumet
Xom
Yredelemnul
Zin
The Shining One

Shops:
D:6 :

Annotations:
D:4 exclusion: ice beast
D:7 exclusion: centaur
D:8 Grum
D:9 exclusion: yak


Innate Abilities, Weirdness & Mutations

You are a creature of crystalline ice.
You have a powerful freezing melee attack.
Your maximum health is increased.
Your armour is entirely melded.
You are incapable of wielding weapons or throwing items.
You cannot wear most types of armour.
You are amphibious.
You can wear up to eight rings at the same time.
((Your skin changes colour to match your surroundings (Stealth+).))
((Your rubbery body absorbs attacks. (AC +1, EV +1)))
((You are camouflaged when in or above water. (Stealth+)))
((You have tentacles for arms and can constrict up to eight enemies at once.))


Message History

The wolf bites you. The wolf bites you! The wolf bites you!
The wolf bites you but does no damage. The wolf bites you but does no damage.
The wolf bites you. The wolf bites you but does no damage.
The wolf barely misses you. The wolf bites you.
The wolf bites you but does no damage. The wolf completely misses you.
The wolf bites you but does no damage.
You punch the wolf! You freeze the wolf.
The wolf is almost dead.
The wolf barely misses you.
You hit the wolf but do no damage.
The wolf is almost dead.
The wolf bites you but does no damage. The wolf closely misses you.
You hit the wolf but do no damage.
The wolf is almost dead.
The wolf bites you but does no damage.
Casting: Sandblast (safe; 1% risk of failure)
Confirm with . or Enter, or press ? or * to list all spells.
Aiming: Petrify (dangerous; 3% risk of failure)
Press: ? - help, Shift-Dir - straight line, f - Grum
Aim: Grum, wielding a +0 spear of flaming and wearing a +0 animal skin (chance to affect: 75%) Grum struggles to resist.
Casting: Petrify (dangerous; 3% risk of failure)
Confirm with . or Enter, or press ? or * to list all spells.
Aiming: Petrify (dangerous; 3% risk of failure)
Press: ? - help, Shift-Dir - straight line, f/p - Grum
Aim: Grum, wielding a +0 spear of flaming and wearing a +0 animal skin (chance to affect: 75%) Grum is moving more slowly.
Grum closely misses you.
You punch Grum! You freeze Grum.
Grum is moderately wounded.
Grum completely misses you.
You punch Grum! You freeze Grum.
Grum is heavily wounded.
Grum hits you with a +0 spear of flaming!
Grum melts you!
* * * LOW HITPOINT WARNING * * *
Grum hits you from afar with a +0 spear of flaming!
You die...
Your body crumbles into a pile of gold.

#>.#...>>....###.##
#..#........## #
#..##+#.....# ##
#..##.......# +.
#...##...#### #.
#.#h##g.....# #..
##'#gh#......# ###
#...#h#......# #.#
#..Y#hh......#####..
#...##.......#..'...
#...##.........##...
#...###.###...##....
#...# #.###...##....
#...# #..#######....
#...####'########...
#)))##........#.+...
#...##..........##..


You could see Grum (petrifying) and a wolf.

Vanquished Creatures
  Maggie (D:8)
  Grinder (D:6)
  A wyvern (D:8)
  Sigmund (D:3)
  A steam dragon (D:6)
  Edmund (D:6)
  3 sky beasts (D:6)
  A black bear (D:5)
  2 orc warriors
  2 necrophages (D:5)
  5 ogres
  3 centaurs
  2 phantoms (D:6)
  3 kobold brigands
  2 bullfrogs (D:7)
  A scorpion (D:6)
  A water moccasin zombie (D:5)
  A killer bee (D:6)
  8 wights
  A centaur zombie (D:8)
  2 hounds
  A jelly (D:6)
  2 centaur skeletons
  2 orc priests
  6 orc wizards
  A scorpion zombie (D:5)
  Natasha (twice) (D:2)
  4 iguanas
  A killer bee zombie (D:6)
  3 gnolls (D:8)
  A howler monkey skeleton (D:6)
  13 adders
  3 river rats (Sewer)
  4 shadow imps
  2 white imps (D:6)
  3 ufetubi
  4 worms
  3 dart slugs
  16 orcs
  5 endoplasms
  5 giant cockroaches
  6 goblins
  4 hobgoblins
  9 jackals
  4 quokkas
  8 ball pythons
  6 bats
  8 frilled lizards
  12 kobolds
  10 rats
191 creatures vanquished.

Vanquished Creatures (others)
  3 plants (Sewer)
3 creatures vanquished.

Grand Total: 194 creatures vanquished

Notes
Turn   | Place    | Note
-------+----------+-------------------------------------------
     0 | D:1      | erker the Octopode Earth Elementalist began the quest for
                  | the Orb.
     0 | D:1      | Reached XP level 1. HP: 11/11 MP: 3/3
   194 | D:1      | Reached XP level 2. HP: 9/17 MP: 0/5
   200 | D:1      | Reached skill level 1 in Short Blades
   207 | D:1      | Learned a level 2 spell: Passwall
   828 | D:1      | Reached XP level 3. HP: 21/21 MP: 6/6
  1163 | D:2      | Noticed Natasha
  1169 | D:2      | Killed Natasha
  1287 | D:2      | Reached XP level 4. HP: 27/27 MP: 7/7
  1590 | D:2      | Noticed Natasha
  1602 | D:2      | Killed Natasha
  1755 | D:2      | Reached skill level 2 in Transmutations
  1790 | D:2      | Found a faded altar of an unknown god.
  1852 | D:2      | Reached XP level 5. HP: 31/31 MP: 8/8
  2329 | D:3      | Identified the +6 short sword "Dyhihen" {speed, MP+9}
  2584 | D:3      | Reached skill level 3 in Transmutations
  2618 | D:3      | Noticed Sigmund
  2679 | D:3      | Killed Sigmund
  2680 | D:3      | Reached skill level 4 in Transmutations
  2680 | D:3      | Reached XP level 6. HP: 31/36 MP: 9/9
  2809 | D:3      | Found a bloodstained altar of Trog.
  3168 | D:4      | Found a sparkling altar of Nemelex Xobeh.
  3208 | D:4      | Got Icwiad's Catalogue of Moulding
  3295 | D:4      | Noticed an ice beast
  3470 | D:4      | Reached skill level 5 in Transmutations
  3593 | D:3      | Learned a level 4 spell: Petrify
  3866 | D:4      | Reached XP level 7. HP: 39/41 MP: 10/10
  3874 | D:4      | Reached skill level 6 in Transmutations
  4013 | D:5      | Entered Level 5 of the Dungeon
  4018 | D:5      | Found an opulent altar of Gozag.
  4022 | D:5      | Became a worshipper of Gozag Ym Sagoz the Greedy
  4168 | D:5      | Reached skill level 5 in Earth Magic
  4255 | D:5      | Found a staircase to the Ecumenical Temple.
  4265 | Temple   | Entered the Ecumenical Temple
  4379 | D:5      | Identified the +4 ring mail of Weightlessness {Slay+2}
  4532 | D:5      | Found a broken altar of Ashenzari.
  4579 | D:5      | Reached XP level 8. HP: 31/46 MP: 11/11
  4782 | D:5      | Found a glowing golden altar of the Shining One.
  5437 | D:6      | Found Meympe's Book Shoppe.
  5489 | D:6      | Reached skill level 7 in Transmutations
  5557 | D:6      | Found a glowing drain.
  5567 | Sewer    | Entered a sewer
  6019 | Sewer    | Reached skill level 8 in Transmutations
  6073 | Sewer    | Learned a level 4 spell: Ice Form
  6197 | D:6      | Reached skill level 1 in Ice Magic
  6198 | D:6      | Reached XP level 9. HP: 51/51 MP: 15/15
  6585 | D:6      | Reached skill level 9 in Transmutations
  6816 | D:6      | Noticed Grinder
  6829 | D:6      | Killed Grinder
  6915 | D:6      | Noticed Edmund
  6930 | D:6      | Killed Edmund
  7021 | D:6      | Found a snail-covered altar of Cheibriados.
  7021 | D:6      | Found a hazy altar of Hepliaklqana.
  7063 | D:6      | Reached skill level 10 in Transmutations
  7965 | D:7      | Found an iron altar of Okawaru.
  7982 | D:7      | You fall into a shaft and drop 2 floors!
  8218 | D:9      | Reached XP level 10. HP: 56/56 MP: 16/16
  8386 | D:8      | Noticed Maggie
  8393 | D:8      | Reached skill level 1 in Unarmed Combat
  8399 | D:8      | Killed Maggie
  8884 | D:8      | Reached skill level 5 in Ice Magic
  9326 | D:8      | Found a staircase to the Lair.
  9347 | D:8      | Noticed Grum
  9371 | D:8      | Mangled by Grum

Illustrated notes

Levels and vault maps discovered:
D:1:      ncdulo_smallfort, layout_rooms, minmay_crystal_room
D:2:      layout_basic, hellmonk_ecumenical_altar_inner_sanctum,
          patterned_corridor, uniq_natasha
D:3:      layout_loops_ring, mainiacjoe_overflow_alcove_4,
          minmay_misc_feat_nine_boxes, minmay_pentomino_pile, uniq_sigmund
D:4:      layout_loops_ring, nemelex_diamond_rough_becter
D:5:      layout_rooms, ashenzari_conservatory_becter, kennysheep_little_box,
          mainiacjoe_overflow_brackets, minmay_temple_entry_wispy,
          hangedman_decor_lopped
D:6:      minmay_chambers_of_fours, layout_cave_pools,
          gammafunk_temple_overflow_elements, serial_shops, shop,
          cheibrodos_sewer_entry_bend, minmay_starry_boxes, uniq_grinder,
          uniq_edmund
D:7:      layout_cave_pools, okawaru_gym_becter, kennysheep_generic_room_5
D:8:      nicolae_cairo_tiling_very_big, layout_basic, dk_noncrumbling_4,
          uniq_grum, uniq_maggie
D:9:      cheibrodos_barr_body, layout_gridville,
          nicolae_wu_jian_immortal_techniques, grunt_qazlal_clouds, erik_orc_4
Temple:   minmay_temple_bridge_abc

Skill      XL: |  1  2  3  4  5  6  7  8  9 10 |
---------------+-------------------------------+-----
Stealth        | 3 4 |  4.0
Short Blades   | 1 2 |  2.0
Earth Magic    | 4 6 7 8 |  8.0
Transmutations | 2 4 5 6 8 10 | 10.0
Spellcasting   | 4 |  4.0
Ice Magic      | 1 4 5 |  5.2
Unarmed Combat | 3 |  3.1
Dodging        | |  2.0

Action                   |  1- 3 |  4- 6 |  7- 9 | 10-12 || total
-------------------------+-------+-------+-------+-------++-------
Melee: Short sword       |    28 |    46 |   156 |    12 ||   242
       Tentacles         |    13 |    20 |    43 |     7 ||    83
       Constrict         |     9 |    22 |    28 |     8 ||    67
       Dagger            |    17 |    51 |     1 |    11 ||    80
       Punch             |     1 |     2 |     2 |       ||     5
       Staff             |       |       |     1 |       ||     1
       Unarmed           |       |       |       |    20 ||    20
Throw: Dart              |       |       |     2 |     5 ||     7
 Cast: Sandblast         |    10 |     7 |    88 |    10 ||   115
       Passwall          |       |     3 |    10 |     4 ||    17
       Petrify           |       |     3 |    23 |     9 ||    35
       Ice Form          |       |       |       |     4 ||     4
 Abil: End Transformatio |       |       |       |     1 ||     1
Evoke: Wand              |       |       |       |     2 ||     2
  Use: Scroll            |       |       |    13 |       ||    13
       Potion            |       |       |     1 |       ||     1
 Stab: Sleeping          |     9 |    16 |    12 |     3 ||    40
       Petrified         |       |     5 |    38 |    13 ||    56
Armor: Skin              |     6 |     6 |     4 |    20 ||    36
Dodge: Dodged            |    40 |    49 |    60 |    22 ||   171
